 Dungeon Crawl Stone Soup version 0.17-a0-1430-g49fde19 (webtiles) character file.

375763 HEYYEYAAE the Cloud Mage (level 23, -1/165 HPs)
             Began as a Human Air Elementalist on June 25, 2015.
             Was the Champion of Vehumet.
             Slain by an azure jelly (3 damage)
             ... created by the royal jelly
             ... while paralysed by a great orb of eyes
             ... on level 6 of the Pits of Slime.
             The game lasted 04:44:19 (53646 turns).

HEYYEYAAE the Cloud Mage (Human Air Elementalist)  Turns: 53646, Time: 04:44:20

Health: -1/165     AC: 17    Str:  9    XL:     23   Next: 84%
Magic:  23/50      EV:  2    Int: 25    God:    Vehumet [******]
Gold:   462        SH:  0    Dex: 22    Spells: 10 memorised, 1 level left

rFire  . . .     SeeInvis .     L - +9 quarterstaff "Dualut" {freeze, rElec Dex+5}
rCold  + . .     Clarity  .     e - +1 troll leather armour
rNeg   . . .     SustAt   .     (no shield)
rPois  .         Gourm    +     N - +2 helmet
rElec  +         Spirit   .     l - +2 cloak of Starlight {rElec rC+ EV+4 Stlth--}
rCorr  .         Warding  .     q - +0 pair of gloves
rMut   .         Stasis   .     v - +1 pair of boots {Fly}
MR     +....                    k - amulet of the gourmand
Stlth  ..........               s - +3 ring of intelligence
                                Q - ring of magical power

@: confused, paralysed, flying, very slightly contaminated, deflect missiles,
somewhat resistant to hostile enchantments, extremely unstealthy
A: no striking features
a: Renounce Religion, Stop Flying
}: 2/15 runes: serpentine, barnacled


You were on level 6 of the Pits of Slime.
You worshipped Vehumet.
Vehumet was exalted by your worship.
You were full.

You visited 9 branches of the dungeon, and saw 44 of its levels.
You also visited: Ossuary.

You collected 4262 gold pieces.
You spent 3800 gold pieces at shops.

Inventory:

Hand weapons
 L - the +9 quarterstaff "Dualut" (weapon) {freeze, rElec Dex+5}
   (You took it off a naga on level 1 of the Snake Pit)

   It has been specially enchanted to freeze those struck by it, causing extra
   injury to most foes and up to half again as much damage against particularly
   susceptible opponents.
   It can also slow down cold-blooded creatures.
   It affects your dexterity (+5).
   It insulates you from electricity.
Armour
 a - a +2 cloak of poison resistance
 e - a +1 troll leather armour (worn)
 l - the +2 cloak of Starlight (worn) {rElec rC+ EV+4 Stlth--}
   (You found it on level 1 of the Depths)

   It affects your evasion (+4).
   It protects you from cold.
   It insulates you from electricity.
   It makes you much less stealthy.
 n - a +2 leather armour of magic resistance
 q - a +0 pair of gloves (worn)
 v - a +1 pair of boots of flying (worn)
 w - a +2 leather armour of positive energy
 z - a +2 robe of the Archmagi
 N - a +2 helmet (worn)
Magical staves
 D - an uncursed staff of air
 W - an uncursed staff of energy
Jewellery
 d - an uncursed ring of protection from magic
 k - an amulet of the gourmand (around neck)
 s - a +3 ring of intelligence (right hand)
 y - a +2 ring of dexterity {unknown}
 G - an uncursed ring of fire
 I - an uncursed ring of teleportation
 Q - a ring of magical power (left hand)
 T - an uncursed ring of protection from cold
Magical devices
 b - a wand of teleportation (0)
 h - a wand of heal wounds (0)
 m - a wand of fireball (8)
 t - a wand of slowing (20)
 F - a wand of fireball (5)
 R - a wand of invisibility (0)
 X - a wand of draining (8)
Scrolls
 i - 12 scrolls of remove curse
 p - a scroll of vulnerability {unknown}
 u - 3 scrolls of holy word
 A - a scroll of enchant weapon
 C - 3 scrolls of magic mapping
 E - 5 scrolls of amnesia
 H - a scroll of noise {unknown}
 M - a scroll of identify
Potions
 f - 3 potions of lignification
 J - 2 potions of cure mutation
 P - a potion of cancellation
 S - a potion of magic
 U - 6 potions of might
 V - 2 potions of curing
 Y - a potion of flight
Books
 g - a book of Battle

   Spells                             Type                      Level
   a - Infusion                       Charms                       1
   b - Shroud of Golubria             Charms/Translocation         2
   c - Song of Slaying                Charms                       2
   d - Spectral Weapon                Hexes/Charms                 3
   e - Regeneration                   Charms/Necromancy            3
 j - a book of Enchantments

   Spells                             Type                      Level
   a - Cause Fear                     Hexes                        4
   b - Silence                        Hexes/Air                    5
   c - Deflect Missiles               Charms/Air                   6
   d - Haste                          Charms                       6
   e - Discord                        Hexes                        8
 B - a book of Changes

   Spells                             Type                      Level
   a - Beastly Appendage              Transmutation                1
   b - Sticks to Snakes               Transmutation                2
   c - Spider Form                    Transmutation/Poison         3
   d - Ice Form                       Ice/Transmutation            4
   e - Blade Hands                    Transmutation                5
 O - a book of Clouds

   Spells                             Type                      Level
   a - Mephitic Cloud                 Conjuration/Poison/Air       3
   b - Conjure Flame                  Conjuration/Fire             3
   c - Poisonous Cloud                Conjuration/Poison/Air       6
   d - Freezing Cloud                 Conjuration/Ice/Air          6
   e - Ring of Flames                 Charms/Fire                  7
Miscellaneous
 x - a crystal ball of energy
Comestibles
 c - 9 bread rations
 o - 9 meat rations


   Skills:
 + Level 9.9 Fighting
 + Level 9.8 Armour
 + Level 10.2 Dodging
 - Level 2.0 Stealth
 + Level 14.0 Spellcasting
 - Level 16.8 Conjurations
 - Level 13.2 Charms
 - Level 4.5 Necromancy
 * Level 23.0 Air Magic


You had one spell level left.
You knew the following spells:

 Your Spells              Type           Power        Failure   Level  Hunger
a - Shock                 Conj/Air       ####         0%          1    None
b - Static Discharge      Conj/Air       #######.     0%          3    None
c - Tornado               Air            #######...   9%          9    #######
d - Lightning Bolt        Conj/Air       #######...   1%          5    ##.....
e - Stone Arrow           Conj/Erth      ######       1%          3    None
f - Conjure Ball Lightni  Conj/Air       #######...   1%          6    ####...
g - Chain Lightning       Conj/Air       #######...   2%          8    #######
h - Haste                 Chrm           ######..     2%          6    ####...
i - Deflect Missiles      Chrm/Air       #######...   1%          6    ####...
k - Sublimation of Blood  Necr           #####.....   1%          2    None


Dungeon Overview and Level Annotations

Branches:
Dungeon (15/15)            Temple (1/1) D:7            Lair (8/8) D:9
 Shoals (4/4) Lair:6        Snake (4/4) Lair:4        Slime (6/6) Lair:8
    Orc (4/4) D:11            Elf (1/3) Orc:3        Vaults (0/5) D:13
 Depths (1/5) D:15

Altars:
Ashenzari
Cheibriados
Dithmenos
Elyvilon
Fedhas
Gozag
Kikubaaqudgha
Makhleb
Nemelex Xobeh
Okawaru
Qazlal
Ru
Sif Muna
Trog
Vehumet
Xom
Yredelemnul
Zin
The Shining One
Beogh

Shops:
D:5 *   D:8 }   D:12 *=   Orc:1 }   Orc:2 ?   Orc:4 ::**

Portals:
Hell: Depths:1

Annotations:
Shoals:1 PeterLawrence's ghost, mighty MiFi
Shoals:2 PeterLawrence's ghost, mighty MiFi
Snake:4 exclusion: Roxanne, Roxanne
Slime:6 Royal Jelly


Message History

The azure jelly hits you. The azure jelly freezes you! You resist.
The azure jelly hits you. The azure jelly freezes you! You resist.
* * * LOW HITPOINT WARNING * * *
The azure jelly hits you but does no damage.
The azure jelly hits you.
* * * LOW HITPOINT WARNING * * *
The azure jelly hits you!
* * * LOW HITPOINT WARNING * * *
The azure jelly freezes you!! You resist.
* * * LOW HITPOINT WARNING * * *
The azure jelly hits you.
* * * LOW HITPOINT WARNING * * *
The azure jelly freezes you! You resist.
* * * LOW HITPOINT WARNING * * *
The azure jelly hits you but does no damage.
The azure jelly completely misses you.
You feel yourself slow down.
The azure jelly hits you but does no damage. x5
The azure jelly hits you.
You die...

*,,,,,,,...§.§.§.##,,,,,*,##,,,,,
,,,,,,,,..........##,,,**,.#*,,,#
,,,,,,,,...........##,,,##J#,,,##
*,*,,,,,............##,*#^.#*,##.
**,,,,...............####.#####.§
,,,*,,...........................
*,***,..........J................
***,,,.........JJJ..............§
***,..........@JG..............
*,............J..............
***,#.......................§
**#....<...................
###.....................§
#......................
##.....................
##....................
#....................


You could see 5 azure jellies, a great orb of eyes and a slime creature.

Vanquished Creatures
  Mara (Snake:4)
  Vashnia (Snake:3)
  A lich (Depths:1)
  Rupert (Lair:4)
  28 acid blobs
  A titan (Depths:1)
  3 krakens
  A sphinx (Depths:1)
  Gastronok (Orc:1)
  Ilsuiw (Shoals:4)
  9 greater nagas
  17 azure jellies
  5 frost giants (Depths:1)
  Aizul (Snake:1)
  4 fire giants (Depths:1)
  A caustic shrike zombie (D:15)
  3 stone giants (Depths:1)
  Nessos (Orc:3)
  Azrael (Snake:1)
  A deep elf death mage (Elf:1)
  9 merfolk javelineers
  2 ettins (Depths:1)
  14 merfolk impalers
  8 death oozes (Slime:6)
  A fire dragon (Depths:1)
  10 great orbs of eyes
  8 vault guards (D:13)
  17 anacondas
  2 rakshasas (Depths:1)
  18 naga warriors
  15 hydras
  3 ice dragons
  4 catoblepae
  9 merfolk aquamancers
  3 centaur warriors
  3 ogre magi
  A hell beast (Depths:1)
  3 alligator snapping turtles
  4 merfolk avatars
  13 death yaks (Lair:8)
  A deep troll shaman (Depths:1)
  2 tengu warriors (D:14)
  8 shock serpents
  3 orc high priests (Orc:4)
  A deep troll earth mage (Depths:1)
  An unseen horror (D:13)
  Urug (Orc:1)
  12 naga sharpshooters
  4 hell knights (Depths:1)
  Sonja (Lair:2)
  A deep elf knight (Elf:1)
  A salamander mystic (Snake:3)
  14 skeletal warriors
  3 deep trolls
  3 manticores
  An iron troll (Depths:1)
  23 sea snakes
  A deep elf summoner (Elf:1)
  A phantasmal warrior (D:15)
  7 naga ritualists
  7 orc knights
  34 harpies
  A wizard (Depths:1)
  A hill giant (D:14)
  14 mana vipers
  3 necromancers
  4 deep elf conjurers
  15 fauns
  8 shining eyes
  A mana viper (shapeshifter) (Depths:1)
  5 orc sorcerers (Orc:4)
  A wolf spider zombie (D:13)
  6 cyclopes
  5 ugly things
  13 salamanders
  7 griffons
  6 water nymphs
  Maurice (Orc:1)
  18 elephants
  20 spiny frogs
  9 sirens
  A stone giant skeleton (D:15)
  3 eyes of devastation
  A torpor snail (Lair:7)
  6 guardian serpents
  2 gargoyles (D:15)
  16 naga magi
  A kobold demonologist (D:14)
  45 black mambas
  A spiny frog (shapeshifter) (D:13)
  8 komodo dragons
  6 yaktaurs (Depths:1)
  2 deep elf priests (Elf:1)
  A red devil (Depths:1)
  9 trolls
  A freezing wraith (Depths:1)
  32 merfolk
  2 fire drakes
  4 polar bears
  3 wind drakes
  31 blink frogs
  2 hornet zombies (D:14)
  132 slime creatures
  A deep troll zombie (D:15)
  4 two-headed ogres (Orc:4)
  A trapdoor spider (D:15)
  5 snapping turtles
  2 wraiths
  A wyvern (D:13)
  A spriggan (Lair:2)
  An ettin skeleton (D:15)
  A shadow (D:12)
  44 yaks
  5 deep elf fighters
  13 deep elf magi
  18 water elementals
  3 hungry ghosts
  A fire elemental (Snake:1)
  12 golden eyes
  15 hippogriffs
  A mottled dragon (Lair:3)
  4 vampire mosquitoes
  3 basilisks
  15 wolves
  69 nagas
  4 wargs
  5 hell hounds (Snake:1)
  2 ice beasts
  23 orc warriors
  16 porcupines
  2 soldier ants
  21 water moccasins
  3 sky beasts
  5 phantoms
  3 black bears
  A swamp drake (D:9)
  6 eyes of draining
  8 centaurs
  8 boggarts
  21 crocodiles
  14 ogres
  A wyvern zombie (D:10)
  Blork the orc (D:5)
  15 giant frogs
  4 big kobolds
  3 water moccasin zombies (Ossuary)
  10 killer bees
  17 wights
  6 scorpions
  2 vampire bats (D:3)
  3 electric eels
  3 giant frog zombies
  42 jellies
  7 crimson imps
  28 orc priests
  10 hounds
  8 centaur skeletons
  2 giant frog skeletons
  A quasit (D:11)
  13 iguanas
  33 orc wizards
  4 polar bear simulacra (Lair:5)
  10 worker ants
  A big kobold zombie (Ossuary)
  35 sheep
  3 wolf simulacra (Lair:5)
  4 yak simulacra (Lair:5)
  A hound zombie (D:9)
  2 mummies (Ossuary)
  15 adders
  89 river rats
  5 shadow imps
  5 oozes (D:11)
  7 adder zombies
  2 adder skeletons
  A worm (D:5)
  5 giant geckos
  204 orcs
  3 ball pythons (Snake:1)
  3 bat zombies
  A giant cockroach (D:1)
  3 gnoll zombies (Ossuary)
  12 goblins
  16 hobgoblins
  36 kobolds
  20 bats
  4 giant newts
  2 hobgoblin zombies (Ossuary)
  9 jackals
  7 kobold zombies (Ossuary)
  6 orc zombies (Ossuary)
  2 quokkas
  26 rats
  2 bushes (Lair:2)
  39 fungi
  72 plants
  9 tentacles
  A tentacle segment (Shoals:3)
2043 creatures vanquished.

Vanquished Creatures (collateral kills)
  An anaconda (Snake:1)
  A mana viper (Snake:4)
  A faun (Shoals:1)
  2 ball lightnings
  A slime creature (Slime:2)
  3 golden eyes
9 creatures vanquished.

Vanquished Creatures (others)
  A merfolk aquamancer (Shoals:4)
  1451 ball lightnings
  A water elemental (Shoals:1)
  An orc (Orc:3)
  3 bushes (Lair:2)
  17 fungi
  16 plants
  11 tentacles
  264 tentacle segments
1765 creatures vanquished.

Grand Total: 3817 creatures vanquished

Notes
Turn   | Place    | Note
--------------------------------------------------------------
     0 | D:1      | HEYYEYAAE the Human Air Elementalist began the quest for the Orb.
     0 | D:1      | Reached XP level 1. HP: 13/13 MP: 3/3
   202 | D:1      | Reached XP level 2. HP: 11/19 MP: 0/5
   582 | D:1      | Reached XP level 3. HP: 25/25 MP: 2/6
   587 | D:1      | Learned a level 3 spell: Static Discharge
   590 | D:1      | Learned a level 2 spell: Repel Missiles
  1950 | D:3      | Reached XP level 4. HP: 26/31 MP: 2/7
  1972 | D:3      | Reached skill level 1 in Fighting
  1972 | D:3      | Reached skill level 1 in Armour
  1972 | D:3      | Reached XP level 5. HP: 32/37 MP: 2/8
  2142 | D:4      | Reached skill level 4 in Air Magic
  2298 | D:4      | Reached XP level 6. HP: 34/43 MP: 3/9
  3042 | D:5      | Entered Level 5 of the Dungeon
  3323 | D:5      | Reached XP level 7. HP: 49/49 MP: 3/11
  3459 | D:5      | Found a sand-covered staircase.
  3464 | Ossuary  | Entered an ossuary
  3659 | Ossuary  | Reached skill level 5 in Air Magic
  4231 | D:5      | Reached XP level 8. HP: 36/57 MP: 8/12
  4277 | D:5      | Found an opulent altar of Gozag.
  4285 | D:5      | Found Gozag's Platinum Reserve.
  4324 | D:5      | Noticed an ice beast
  4340 | D:5      | Killed an ice beast
  4645 | D:5      | Noticed Blork the orc
  4656 | D:5      | Killed Blork the orc
  5035 | D:6      | Found a stormy altar of Qazlal.
  5064 | D:6      | Reached skill level 6 in Air Magic
  5288 | D:6      | Found a sacrificial altar of Ru.
  5339 | D:6      | Reached skill level 5 in Conjurations
  5659 | D:6      | Found a deep blue altar of Sif Muna.
  5751 | D:7      | Reached XP level 9. HP: 63/63 MP: 5/14
  5913 | D:7      | Found an iron altar of Okawaru.
  6131 | D:7      | Found a glowing silver altar of Zin.
  6543 | D:7      | Reached skill level 7 in Air Magic
  6700 | D:7      | Reached skill level 5 in Dodging
  6716 | D:7      | Found a snail-covered altar of Cheibriados.
  6870 | D:7      | Learned a level 5 spell: Lightning Bolt
  6957 | D:8      | Found Tevall's Gadget Shop.
  7159 | D:8      | Found an ancient bone altar of Kikubaaqudgha.
  7180 | D:8      | Found a shimmering altar of Xom.
  7181 | D:8      | Found a burning altar of Makhleb.
  7186 | D:8      | Reached XP level 10. HP: 68/71 MP: 0/16
  7841 | D:8      | Found a sparkling altar of Nemelex Xobeh.
  8174 | D:9      | Reached skill level 8 in Air Magic
  8464 | D:9      | Reached skill level 5 in Spellcasting
  8649 | D:9      | Reached skill level 5 in Armour
  9082 | D:9      | Found a shadowy altar of Dithmenos.
  9305 | D:9      | Reached XP level 11. HP: 66/78 MP: 0/19
  9531 | D:7      | Found a staircase to the Ecumenical Temple.
  9538 | Temple   | Entered the Ecumenical Temple
  9661 | Temple   | Became a worshipper of Vehumet
  9856 | D:9      | Found a staircase to the Orcish Mines.
 10035 | D:9      | Found a staircase to the Lair.
 10156 | D:10     | Entered Level 10 of the Dungeon
 10431 | D:10     | Reached skill level 5 in Fighting
 10436 | D:10     | Reached skill level 9 in Air Magic
 10498 | D:10     | Acquired Vehumet's first power
 10498 | D:10     | Offered knowledge of Sting by Vehumet.
 11383 | D:11     | Noticed a brown ugly thing
 11383 | D:11     | Noticed a cyclops
 11585 | D:11     | Offered knowledge of Magic Dart by Vehumet.
 11699 | D:11     | HP: 4/80 [yak (10)]
 11909 | D:12     | Noticed a red ugly thing
 12171 | D:11     | Killed a brown ugly thing
 12289 | D:11     | Reached XP level 12. HP: 47/87 MP: 0/21
 12292 | D:11     | Offered knowledge of Inner Flame by Vehumet.
 12406 | D:11     | Found a staircase to the Orcish Mines.
 12472 | D:11     | Killed a cyclops
 12472 | D:11     | Reached skill level 10 in Air Magic
 12700 | D:11     | Acquired Vehumet's second power
 12825 | Orc:1    | Entered Level 1 of the Orcish Mines
 12825 | Orc:1    | Found Plog's Gadget Boutique.
 12882 | Orc:2    | Found a roughly hewn altar of Beogh.
 12979 | Orc:2    | Found Vomoe's Magic Scroll Shoppe.
 13015 | Orc:2    | Bought a scroll of fear for 45 gold pieces
 13015 | Orc:2    | Bought a scroll of magic mapping for 45 gold pieces
 13015 | Orc:2    | Bought a scroll of fog for 26 gold pieces
 13015 | Orc:2    | Bought a scroll of teleportation for 39 gold pieces
 13015 | Orc:2    | Bought a scroll of identify for 26 gold pieces
 13015 | Orc:2    | Bought a scroll of identify for 26 gold pieces
 13015 | Orc:2    | Bought a scroll of identify for 26 gold pieces
 13040 | Orc:1    | Offered knowledge of Stone Arrow by Vehumet.
 13182 | Orc:1    | Found a frozen archway.
 13183 | Orc:1    | Noticed Gastronok
 13184 | Orc:1    | Noticed an ice dragon
 13326 | Orc:2    | Learned a level 3 spell: Stone Arrow
 13347 | Orc:2    | Acquired Vehumet's third power
 13418 | Orc:1    | Noticed Urug
 13436 | Orc:1    | Noticed Maurice
 13549 | Orc:1    | Killed Maurice
 13731 | Orc:1    | Killed Urug
 13834 | Orc:1    | Killed Gastronok
 13834 | Orc:1    | Reached skill level 10 in Conjurations
 13896 | Orc:1    | Killed an ice dragon
 14146 | Orc:3    | Offered knowledge of Ignite Poison by Vehumet.
 14148 | Orc:3    | Noticed Nessos
 14182 | Orc:3    | Killed Nessos
 14650 | Orc:3    | Found a staircase to the Elven Halls.
 14835 | Orc:3    | Found a dark tunnel.
 15001 | Orc:4    | Entered Level 4 of the Orcish Mines
 15001 | Orc:4    | Noticed an ogre mage
 15005 | Orc:4    | Killed an ogre mage
 15005 | Orc:4    | Reached skill level 11 in Air Magic
 15192 | Orc:4    | Reached XP level 13. HP: 95/95 MP: 19/23
 15520 | Orc:4    | Offered knowledge of Conjure Ball Lightning by Vehumet.
 15999 | Orc:4    | Noticed an orc high priest
 16146 | Orc:4    | Killed an orc high priest
 16153 | Orc:4    | Noticed an orc high priest
 16268 | Orc:4    | Killed an orc high priest
 16361 | Orc:4    | Learned a level 6 spell: Conjure Ball Lightning
 16743 | Orc:4    | Found Muzoim's Book Emporium.
 16743 | Orc:4    | Found Xaboulur's Book Emporium.
 16744 | Orc:4    | Noticed an orc high priest
 16759 | Orc:4    | Killed an orc high priest
 16806 | Orc:4    | Found Letecs's General Store.
 16806 | Orc:4    | Found Wobuetaj's General Store.
 17743 | Elf:1    | Entered Level 1 of the Elven Halls
 17777 | Elf:1    | Found a radiant altar of Vehumet.
 17891 | Elf:1    | Reached skill level 12 in Air Magic
 17930 | Elf:1    | Offered knowledge of Force Lance by Vehumet.
 18095 | Elf:1    | Reached XP level 14. HP: 84/104 MP: 5/25
 18211 | Elf:1    | Noticed a deep elf death mage
 18239 | Elf:1    | Noticed a deep elf death mage
 18431 | Elf:1    | Noticed a deep elf death mage
 18438 | Elf:1    | Killed a deep elf death mage
 18443 | Elf:1    | Killed a ghostly deep elf death mage
 18606 | Orc:4    | Bought a book of Annihilations for 1324 gold pieces
 18615 | Orc:4    | Learned a level 8 spell: Chain Lightning
 18839 | Lair:1   | Entered Level 1 of the Lair of Beasts
 20116 | Lair:2   | Offered knowledge of Lee's Rapid Deconstruction by Vehumet.
 20446 | Lair:2   | Noticed Sonja
 20456 | Lair:2   | Killed Sonja
 21611 | Orc:4    | Bought a book of Enchantments for 700 gold pieces
 21613 | Orc:4    | Bought a scroll of fog for 20 gold pieces
 21622 | Orc:4    | Bought a beef jerky for 15 gold pieces
 21630 | Orc:4    | Bought a royal jelly for 20 gold pieces
 21630 | Orc:4    | Bought 2 fruits for 30 gold pieces
 21630 | Orc:4    | Bought a scroll of blinking for 75 gold pieces
 21630 | Orc:4    | Bought a potion of brilliance for 40 gold pieces
 21630 | Orc:4    | Bought a bread ration for 50 gold pieces
 21630 | Orc:4    | Bought a scroll of identify for 20 gold pieces
 21630 | Orc:4    | Bought a meat ration for 50 gold pieces
 21656 | Orc:4    | Bought a potion of invisibility for 80 gold pieces
 22525 | Lair:4   | Reached skill level 1 in Charms
 22726 | Lair:4   | Reached XP level 15. HP: 112/112 MP: 10/27
 22750 | Lair:4   | Offered knowledge of Orb of Destruction by Vehumet.
 22788 | Lair:4   | Found a staircase to the Snake Pit.
 23023 | Lair:4   | Noticed Rupert
 23040 | Lair:4   | Killed Rupert
 23040 | Lair:4   | Reached skill level 13 in Air Magic
 24349 | Lair:5   | Learned a level 2 spell: Sublimation of Blood
 24405 | Lair:5   | Reached skill level 1 in Necromancy
 25162 | Lair:6   | Offered knowledge of Iron Shot by Vehumet.
 25256 | Lair:6   | Reached skill level 5 in Charms
 25415 | Lair:6   | Reached XP level 16. HP: 118/118 MP: 29/29
 25710 | Lair:6   | Found a staircase to the Shoals.
 27240 | Lair:8   | Entered Level 8 of the Lair of Beasts
 27285 | Lair:8   | Found a staircase to the Slime Pits.
 27296 | Lair:8   | Offered knowledge of Freezing Cloud by Vehumet.
 27347 | Lair:8   | Reached skill level 14 in Air Magic
 27585 | Lair:8   | Reached XP level 17. HP: 107/124 MP: 11/30
 28380 | Lair:8   | Reached skill level 15 in Air Magic
 28781 | Snake:1  | Entered Level 1 of the Snake Pit
 28783 | Snake:1  | Noticed Aizul
 28787 | Snake:1  | Killed Aizul
 29343 | Snake:1  | Got an encrusted quarterstaff
 29345 | Snake:1  | Identified the +9 quarterstaff "Dualut" {freeze, rElec Dex+5} (You took it off a naga on level 1 of the Snake Pit)
 29486 | Snake:1  | Noticed Azrael
 29887 | Snake:1  | Killed Azrael
 30151 | Snake:1  | Offered knowledge of Poisonous Cloud by Vehumet.
 30294 | Snake:1  | Found a runed gate.
 30294 | Snake:1  | Found a runed gate.
 30294 | Snake:1  | Found a runed gate.
 30626 | Snake:1  | Reached skill level 10 in Charms
 30626 | Snake:1  | Reached XP level 18. HP: 123/131 MP: 21/31
 30770 | Snake:2  | Reached skill level 10 in Spellcasting
 31373 | Snake:2  | Learned a level 6 spell: Haste
 32307 | Snake:3  | Noticed Vashnia
 32343 | Snake:3  | Killed Vashnia
 33089 | Snake:4  | Entered Level 4 of the Snake Pit
 33098 | Snake:4  | Reached skill level 15 in Conjurations
 33339 | Snake:4  | Noticed Mara
 33509 | Snake:4  | Offered knowledge of Fire Storm by Vehumet.
 33509 | Snake:4  | Offered knowledge of Shatter by Vehumet.
 33509 | Snake:4  | Offered knowledge of Tornado by Vehumet.
 33863 | Snake:4  | Reached XP level 19. HP: 69/136 MP: 13/33
 34108 | Snake:4  | Noticed HEYYEYAAE's illusion
 34108 | Snake:4  | Killed Mara
 34708 | Snake:4  | Noticed Roxanne
 36024 | Snake:4  | Reached skill level 10 in Dodging
 36373 | Snake:4  | Got a serpentine rune of Zot
 36664 | Shoals:1 | Entered Level 1 of the Shoals
 36764 | Shoals:1 | Noticed PeterLawrence's ghost (mighty MiFi)
 37023 | Shoals:1 | Reached skill level 16 in Air Magic
 37023 | Shoals:1 | Reached XP level 20. HP: 137/145 MP: 30/35
 37032 | Shoals:1 | Learned a level 6 spell: Deflect Missiles
 39450 | Shoals:2 | Reached skill level 17 in Air Magic
 40067 | Shoals:3 | Identified a scroll of acquirement
 40384 | Shoals:4 | Entered Level 4 of the Shoals
 40781 | Shoals:4 | Noticed Ilsuiw
 40786 | Shoals:4 | Reached XP level 21. HP: 78/150 MP: 26/37
 41223 | Shoals:4 | Reached skill level 18 in Air Magic
 41694 | Shoals:4 | Killed Ilsuiw
 41757 | Shoals:4 | Got a barnacled rune of Zot
 42167 | Slime:1  | Entered Level 1 of the Pits of Slime
 42173 | Slime:1  | Gained mutation: Your body sometimes deteriorates upon taking damage. [a shining eye]
 44021 | Slime:3  | Reached skill level 19 in Air Magic
 44644 | Slime:4  | Gained mutation: You can breathe flames. [a shining eye]
 44891 | Slime:3  | Gained mutation: You are frail (-10% HP). [a shining eye]
 45599 | Slime:5  | Reached XP level 22. HP: 72/141 MP: 30/39
 45982 | Slime:6  | Entered Level 6 of the Pits of Slime
 46319 | Slime:5  | Gained mutation: Potions and wands are less effective at restoring your health. [a shining eye]
 46324 | Slime:5  | Lost mutation: Potions and wands are less effective at restoring your health. [potion of cure mutation]
 46324 | Slime:5  | Lost mutation: You are frail (-10% HP). [potion of cure mutation]
 46324 | Slime:5  | Lost mutation: You can breathe flames. [potion of cure mutation]
 46324 | Slime:5  | Lost mutation: Your body sometimes deteriorates upon taking damage. [potion of cure mutation]
 46879 | Slime:6  | Noticed the royal jelly
 46882 | Slime:6  | Reached skill level 20 in Air Magic
 47885 | Slime:3  | Gained mutation: You occasionally shout uncontrollably at your foes. [a shining eye]
 47890 | Slime:3  | Gained mutation: You are dopey. (Int -2) [a shining eye]
 47893 | Slime:3  | HP: 3/157 [acid (10)]
 48383 | D:12     | Noticed a skeletal warrior
 48383 | D:12     | Noticed a skeletal warrior
 48383 | D:12     | Noticed a skeletal warrior
 48383 | D:12     | Noticed a skeletal warrior
 48386 | D:12     | Killed a skeletal warrior
 48386 | D:12     | Killed a skeletal warrior
 48389 | D:12     | Killed a skeletal warrior
 48391 | D:12     | Killed a skeletal warrior
 48447 | D:12     | Noticed a manticore
 48449 | D:12     | Killed a manticore
 48478 | D:12     | Found Kioj Kato's Jewellery Shop.
 48487 | D:12     | Killed a red ugly thing
 48520 | D:12     | Noticed a cyclops
 48522 | D:12     | Killed a cyclops
 48535 | D:12     | Bought an uncursed amulet of the gourmand for 390 gold pieces
 48665 | D:12     | Reached skill level 21 in Air Magic
 48758 | D:12     | Found Rezeh's Food Shop.
 48766 | D:12     | Bought a bread ration for 70 gold pieces
 48766 | D:12     | Bought a bread ration for 70 gold pieces
 48766 | D:12     | Bought a meat ration for 70 gold pieces
 48766 | D:12     | Bought a royal jelly for 28 gold pieces
 48766 | D:12     | Bought a meat ration for 70 gold pieces
 48766 | D:12     | Bought a meat ration for 70 gold pieces
 48766 | D:12     | Bought a meat ration for 70 gold pieces
 48766 | D:12     | Bought a bread ration for 70 gold pieces
 48766 | D:12     | Bought a bread ration for 70 gold pieces
 48766 | D:12     | Bought a bread ration for 70 gold pieces
 48766 | D:12     | Bought a bread ration for 70 gold pieces
 48843 | D:12     | Found Cerog's General Store.
 48851 | D:12     | Bought a beef jerky for 25 gold pieces
 49381 | D:13     | Found a gate to the Vaults.
 50074 | D:14     | You are sucked into a shaft!
 50074 | D:15     | Entered Level 15 of the Dungeon
 50237 | D:15     | Found a staircase to the Depths.
 50254 | D:15     | HP: 5/159 [caustic shrike zombie (3)]
 50520 | D:14     | Reached XP level 23. HP: 165/165 MP: 28/41
 50567 | D:14     | Got a twisted ring mail
 50579 | D:14     | Identified the cursed +1 ring mail "Aguseus" {+Fly rF- MR+ SInv} (You found it on level 14 of the Dungeon)
 51028 | D:14     | Learned a level 9 spell: Tornado
 51553 | Depths:1 | Entered Level 1 of the Depths
 52058 | Depths:1 | Found a glowing silver altar of Zin.
 52132 | Depths:1 | Gained mutation: Your body sometimes deteriorates upon taking damage. [mutagenic glow]
 52133 | Depths:1 | Lost mutation: You occasionally shout uncontrollably at your foes. [potion of cure mutation]
 52133 | Depths:1 | Lost mutation: You are dopey. (Int -2) [potion of cure mutation]
 52133 | Depths:1 | Lost mutation: Your body sometimes deteriorates upon taking damage. [potion of cure mutation]
 52295 | Depths:1 | Reached skill level 22 in Air Magic
 52677 | Depths:1 | Found a gateway to Hell.
 52826 | Depths:1 | Found a runed door.
 53621 | Slime:6  | Reached skill level 23 in Air Magic
 53642 | Slime:6  | Paralysed by a great orb of eyes for 5 turns
 53645 | Slime:6  | HP: 1/165 [azure jelly[the royal jelly] (12)]
 53646 | Slime:6  | Slain by an azure jelly

Vault maps used:
D:1:      scummos_arrival_gate
D:2:      grunt_decor_arrowhead, nrook_loot_triangle
D:3:      roderic_batcave
D:5:      nicolae_gozag_zags_fifth_avenue, enter_ossuary_5, first_bread,
          uniq_blork_the_orc
D:6:      kennysheep_mini, lemuel_doored_altar, minmay_misc_feat_pillars,
          kennysheep_minor_cross, hangedman_ru_absence
D:7:      zin_scriptorium, nicolae_overflow_crystal_walls, kennysheep_mini_moat,
          minmay_temple_entry_nine_rooms, st_stairs_7
D:8:      grunt_temple_overflow_champion_of_chaos, overflow_temple_1_default,
          overflow_temple_1_default, serial_shops,
          nicolae_shop_temple_entry_statues_fountains
D:9:      nicolae_dithmenos_the_darkroom, grunt_lair_entry_elf_guard_hut,
          erik_orc_1
D:11:     hiddenorc1_lemuel, hangedman_little_slice_of_home
D:12:     serial_shops, shop, shop, nicolae_shop_behind_doors
D:13:     erik_vaults_2
D:14:     st_stairs_1
D:15:     gammafunk_depths_entry_grave, minmay_misc_feat_square
Temple:   jpeg_temple_alley_garden_8
Lair:1:   st_stairs_12
Lair:2:   minmay_hedge_maze, grunt_forest_large_clearing_hut,
          grunt_megastairs_1, uniq_sonja
Lair:3:   bobbens_dragon_lair_wall, infiniplex_staircase_pool
Lair:4:   minmay_snake_entry_guardpost_medium, grunt_forest_large_clearings,
          uniq_rupert
Lair:5:   mu_elephants_graveyard, eino_house_with_fridge
Lair:6:   minmay_shoals_entry_lonely_mermaid, grunt_megastairs_4,
          infiniplex_staircase_pool_2, lemuel_fruit_tree
Lair:7:   serial_bayou_shore_b
Lair:8:   evilmike_catoblepas_cave, minmay_slime_entry_pillars
Shoals:2: nicolae_shoals_flooded_hall
Shoals:4: shoals_end_simple, shoal_ilsuiw
Snake:1:  st_stairs_8, nicolae_snake_horde_hoard, uniq_aizul, uniq_azrael
Snake:3:  stair_cage_line, uniq_vashnia
Snake:4:  grunt_snake_rune_pools, uniq_roxanne, uniq_mara
Orc:1:    portal_ice_cave_entry_animals_and_master, serial_shops, shop,
          uniq_gastronok, uniq_maurice, uniq_urug
Orc:2:    serial_shops, shop, basic_altar
Orc:3:    nicolae_volcano_entry_s_turn, nicolae_orc_pool_cavern, uniq_nessos
Orc:4:    st_orc_elflike
Elf:1:    eino_elf_arrival_altar, minmay_elf_crystal_heptagon,
          grunt_megastairs_2
Depths:1: grunt_mini_vestibule, basic_altar, hangedman_abyss_or_decor_slice,
          minmay_gold_behind_fungi, lightli_giant_bouncers,
          kennysheep_random_hallway
Ossuary:  ossuary_tomb_2

Action                   |  1- 3 |  4- 6 |  7- 9 | 10-12 | 13-15 | 16-18 | 19-21 | 22-24 || total
-------------------------+-------+-------+-------+-------+-------+-------+-------+-------++-------
Melee: Short sword       |    23 |    88 |    70 |       |       |       |       |       ||   181
       Dagger            |       |       |    96 |   249 |       |       |       |       ||   345
       Mace              |       |       |       |    93 |       |       |       |       ||    93
       Trident           |       |       |       |    56 |     3 |       |       |       ||    59
       Staff             |       |       |       |       |    83 |    21 |       |     6 ||   110
       Quarterstaff      |       |       |       |       |       |    26 |    81 |   219 ||   326
 Cast: Shock             |    53 |    77 |   256 |   522 |   515 |   240 |    54 |    70 ||  1787
       Static Discharge  |       |     1 |    30 |   112 |   121 |   105 |    41 |    25 ||   435
       Repel Missiles    |       |       |     1 |     1 |       |     4 |     3 |       ||     9
       Lightning Bolt    |       |       |       |    37 |    61 |   101 |    91 |   103 ||   393
       Conjure Ball Ligh |       |       |       |       |    81 |   127 |   364 |    66 ||   638
       Stone Arrow       |       |       |       |       |    10 |    17 |    18 |     1 ||    46
       Sublimation of Bl |       |       |       |       |    12 |   101 |   106 |    42 ||   261
       Chain Lightning   |       |       |       |       |       |     7 |    56 |    94 ||   157
       Haste             |       |       |       |       |       |     2 |    20 |    18 ||    40
       Deflect Missiles  |       |       |       |       |       |       |     5 |     6 ||    11
       Tornado           |       |       |       |       |       |       |       |    24 ||    24
 Abil: Evoke Teleportati |       |       |       |       |       |     2 |       |       ||     2
Evoke: Wand              |       |       |       |    42 |     5 |    25 |    10 |     4 ||    86
       Sack of spiders   |       |       |       |       |       |     6 |     8 |       ||    14
       Box of beasts     |       |       |       |       |       |     6 |     3 |       ||     9
  Use: Scroll            |       |     7 |     3 |    17 |    15 |    19 |    18 |     8 ||    87
       Potion            |       |       |       |     1 |     2 |     7 |    19 |    15 ||    44
 Stab: Distracted        |     1 |       |       |       |       |       |       |       ||     1
       Sleeping          |     1 |       |     1 |     3 |       |       |       |       ||     5
       Paralysed         |       |       |       |     7 |       |       |       |       ||     7
       Invisible         |       |       |       |       |       |       |     1 |       ||     1
  Eat: Chunk             |     3 |     5 |    10 |    27 |    64 |    51 |    59 |    72 ||   291
       Bread ration      |       |       |     1 |     1 |       |       |    10 |     6 ||    18
       Beef jerky        |       |       |     1 |     5 |     5 |     3 |     2 |     3 ||    19
       Pizza             |       |       |       |     1 |     1 |     3 |       |     1 ||     6
       Royal jelly       |       |       |       |       |     4 |     8 |     8 |     8 ||    28
       Fruit             |       |       |       |       |       |    24 |     3 |     1 ||    28
       Meat ration       |       |       |       |       |       |       |    15 |     3 ||    18
